 Dungeon Crawl Stone Soup version 0.29-a0-459-g97dee8cd24 (webtiles) character file.

Game seed: 6772259626795282229

7 siradein the Skirmisher (level 1, -5/17 HPs)
             Began as a Vampire Fighter on May 20, 2022.
             Slain by a gnoll
             ... wielding a +0 flail
              (7 damage)
             ... on level 1 of the Dungeon.
             The game lasted 00:00:22 (108 turns).

siradein the Skirmisher (Vampire Fighter)            Turns: 108, Time: 00:00:22

Health: -5/17      AC:  6    Str: 15    XL:     1   Next: 83%
Magic:  1/1        EV:  8    Int: 10    God:
Gold:   6          SH:  4    Dex: 13    Spells: 0/0 levels left

rFire   . . .      SeeInvis +   a - +0 long sword
rCold   . . .      Faith    .   c - +0 buckler
rNeg    . . .      Spirit   .   b - +0 scale mail
rPois   .          Reflect  .   (no helmet)
rElec   .          Harm     .   (no cloak)
rCorr   .          Rampage  .   (no gloves)
Will    .....                   (no boots)
Stlth   ..........              (no amulet)
HPRegen 0.25/turn               (no ring)
MPRegen 0.07/turn               (no ring)

@: healing quickly
A: alive, fangs 3, see invisible, vampiric 1
a: Exsanguinate


You were on level 1 of the Dungeon.
You visited 1 branch of the dungeon, and saw 1 of its levels.

You collected 6 gold pieces.

Inventory:

Hand Weapons
 a - a +0 long sword (weapon)
Armour
 b - a +0 scale mail (worn)
 c - a +0 buckler (worn)
Magical Staves
 e - a staff of earth
Scrolls
 g - a scroll of fog {unknown}
Potions
 d - a potion of might
 f - a potion of heal wounds {unknown}


   Skills:
 + Level 2.8 Fighting
 + Level 2.1 Long Blades
 + Level 2.5 Armour
 + Level 2.8 Shields


You couldn't memorise any spells.
You didn't know any spells.
Your spell library was empty.

Dungeon Overview and Level Annotations

Branches:
Dungeon (1/15)

Altars:


Innate Abilities, Weirdness & Mutations

Your natural rate of healing is accelerated.
You have razor-sharp teeth.
You have supernaturally acute eyesight. (SInv)
You are afflicted with vampirism.


Message History

Found a scroll labelled NIOBOCERIN.
The goblin hits you but does no damage.
You closely miss the goblin. The goblin hits you but does no damage.
You barely miss the goblin. The goblin barely misses you.
The goblin closely misses you.
You hit the goblin.
You kill the goblin!
No target in view!
No target in view!
Things that are here:
a +0 club; a goblin corpse
f - a cyan potion
Found a short sword.
g - a scroll labelled NIOBOCERIN A goblin comes into view.
It is wielding a +0 dagger.
A goblin is nearby!
A goblin is nearby!
The goblin shouts!
A gnoll and a quokka come into view.
You miss the goblin. You block the goblin's attack.
You miss the goblin. The goblin barely misses you.
The goblin hits you with a +0 dagger.
You closely miss the goblin. You block the goblin's attack.
The quokka barely misses you.
You slash the quokka!
You kill the quokka!
You block the goblin's attack. The goblin attacks as you move away!
The goblin hits you but does no damage. The gnoll attacks as you move away!
The gnoll closely misses you. The goblin attacks as you move away!
The goblin hits you with a +0 dagger.
You barely miss the gnoll. The gnoll hits you with a +0 flail.
The gnoll closely misses you.
You hit the gnoll but do no damage. The gnoll hits you with a +0 flail!
* * * LOW HITPOINT WARNING * * *
You are too injured to fight recklessly!
You barely miss the gnoll. The gnoll closely misses you.
You barely miss the gnoll. You bite the gnoll.
The gnoll is lightly wounded.
The gnoll barely misses you. The gnoll hits you with a +0 flail!
You die...

# #.##....## # # #.#
#....##.# #
#.###.....#.#
#######
#......)....#
.......
#####.......###
....... #..........
.......
####.#..###.## ####
....... #........#
#.##..... .......
..###.##@###........
.♣.♣.♣. #.###g....#
.......
#.......).......
.......
########.######.
...... #.# ......
#.# ...... #.#
.♣.♣.♣ #.# ......
..#


You could see a gnoll.

Vanquished Creatures
  A giant cockroach (D:1)
  A goblin (D:1)
  A hobgoblin (D:1)
  2 quokkas (D:1)
5 creatures vanquished.

Notes
Turn   | Place    | Note
-------+----------+-------------------------------------------
     0 | D:1      | siradein the Vampire Fighter began the quest for the Orb.
     0 | D:1      | Reached XP level 1. HP: 17/17 MP: 1/1
   108 | D:1      | Slain by a gnoll

Illustrated notes

Levels and vault maps discovered:
D:1:      wander_arrival_estate, layout_loops_ring

Action                   || total
-------------------------++-------
Melee: Long sword        ||    30
       Bite              ||     6
Armor: Scale mail        ||    12
Dodge: Dodged            ||    19
Block: Buckler           ||     7

Table legend: (Time is in decaauts)
 A = Elapsed time spent in this place.
 B = Non-inter-level travel time spent in this place.
 C = Inter-level travel time spent in this place.
 D = Time resting spent in this place.
 E = Time spent auto-exploring this place.
 F = Levels seen in this place.
 G = Mean time per level.
                   A        B        C        D        E       F      G
               +--------+--------+--------+--------+--------+-----+--------+
         Total |    117 |    117 |      0 |      0 |     48 |   1 |  117.0 |
       Dungeon |    117 |    117 |      0 |      0 |     48 |   1 |  117.0 |
               +--------+--------+--------+--------+--------+-----+--------+

Top non-repeatable levels by time:
     D:1: 117 daAuts
